 Dungeon Crawl Stone Soup version 0.30-a0-374-g95c0257040 (webtiles) character file.

Game seed: 5362336534371873481

35 flotson the Sneak (level 3, 0/26 (29) HPs)
             Began as a Demonspawn Delver on Nov 25, 2022.
             Slain by a wight
             ... wielding a +4 flail
              (6 damage)
             ... in an ossuary.
             The game lasted 00:01:46 (196 turns).

flotson the Sneak (Demonspawn Delver)                Turns: 196, Time: 00:01:47

HP:   0/26 (29)     AC:  5    Str: 14    XL:     3   Next: 16%
MP:   3/3           EV: 11    Int: 11    God:
Gold: 0             SH:  0    Dex: 14    Spells: 2/2 levels left

rFire   . . .      SeeInvis .    a - +0 war axe
rCold   . . .      Faith    .    h - orb {guile}
rNeg    . . .      Spirit   .    j - +0 ring mail
rPois   .          Reflect  .    (helmet restricted)
rElec   .          Harm     .    (no cloak)
rCorr   .          Rampage  .    (no gloves)
Will    .....                    (no boots)
Stlth   ++........               (no amulet)
HPRegen 0.24/turn                (no ring)
MPRegen 0.08/turn                (no ring)

@: heavily drained
A: antennae 1, spiny 1
a: no special abilities


You were in an ossuary.
You visited 1 branch of the dungeon, and saw 2 of its levels.
You also visited: Ossuary.

Inventory:

Hand Weapons
 a - a +0 war axe (weapon)
 i - a +0 spear
Armour
 h - an orb of guile (worn)
 j - a +0 ring mail (worn)
Wands
 g - a wand of digging (1)
Scrolls
 c - a scroll of fog
 d - a scroll of enchant weapon {unknown}
 e - a scroll of fear
Potions
 f - a potion of mutation {unknown}


   Skills:
 + Level 3.3 Fighting
 - Level 1.7 Polearms
 + Level 1.1 Armour
 + Level 2.2 Dodging
 - Level 4.5 Stealth
 + Level 1.2 Evocations


You had 2 spell levels left.
You didn't know any spells.
Your spell library was empty.

Dungeon Overview and Level Annotations

Branches:
Dungeon (5/15)            Ossuary (1/1)
 Temple: D:4-7

Altars:


Innate Abilities, Weirdness & Mutations

You have a pair of small antennae on your head.
You are partially covered in sharp spines.


Message History

The hobgoblin skeleton closely misses you.
You hit the hobgoblin skeleton.
The hobgoblin skeleton is severely damaged.
The hobgoblin skeleton hits you but does no damage.
You hit the hobgoblin skeleton.
You destroy the hobgoblin skeleton!
No target in view!
No target in view!
No target in view!
No target in view!
No target in view!
You sense a monster nearby.
No target in view!
You open the door.
A wight comes into view. It is wielding a +4 flail.
You barely miss the wight. The wight hits you with a +4 flail!
You feel drained. The wight barely misses you.
You hit the wight.
The wight is moderately damaged.
The wight closely misses you.
You hit the wight.
The wight is heavily damaged.
The wight barely misses you. The wight hits you with a +4 flail.
You feel drained.
You are too injured to fight recklessly!
You are too injured to fight recklessly!
You are too injured to fight recklessly!
You are too injured to fight recklessly!
You are too injured to fight recklessly!
You are too injured to fight recklessly!
You are too injured to fight recklessly!
You hit the wight but do no damage.
The wight is heavily damaged.
The wight misses you.
You barely miss the wight.
The wight is heavily damaged.
The wight hits you with a +4 flail.
* * * LOW HITPOINT WARNING * * *
You feel drained. The wight hits you with a +4 flail.
You die...

#.# +.+ #.# +.+ #.#
{+.+ ###.### #.z@'.#
###.### #.'.'.# ###'###
# ##...## ##
##.....#### ###.
##.......#.# ######...
##..........###...#...∩
#............#.###.....


You could see a wight.

Vanquished Creatures
  A hound (D:5)
  A goblin (D:4)
  A hobgoblin skeleton (Ossuary)
  2 hobgoblin zombies (Ossuary)
5 creatures vanquished.

Notes
Turn   | Place    | Note
-------+----------+-------------------------------------------
     0 | D:5      | flotson the Demonspawn Delver began the quest for the Orb.
     0 | D:5      | Reached XP level 1. HP: 18/18 MP: 1/1
    18 | D:5      | Noticed an iguana
    24 | D:5      | Noticed a hound
    45 | D:5      | Killed a hound
    46 | D:5      | Reached skill level 1 in Armour
    46 | D:5      | Reached skill level 1 in Evocations
    46 | D:5      | Gained mutation: You have a pair of small antennae on your
                  | head. [demonic ancestry]
    46 | D:5      | Reached XP level 2. HP: 19/24 MP: 2/2
    46 | D:5      | Gained mutation: You are partially covered in sharp spines.
                  | [demonic ancestry]
    46 | D:5      | Reached XP level 3. HP: 23/29 MP: 3/3
   117 | D:4      | Noticed a scorpion
   122 | D:4      | Found a sand-covered staircase.
   128 | Ossuary  | Entered an ossuary
   191 | Ossuary  | Noticed a wight
   196 | Ossuary  | Slain by a wight

Illustrated notes

Levels and vault maps discovered:
D:4:      layout_basic, lightli_ossuary_entry_decrepit_ruins,
          roderic_roman_lattice, hangedman_feature_mirror
D:5:      layout_basic, minmay_temple_entry_drinking_statues
Ossuary:  ossuary_due_cavern

Skill      XL: |  1 |
---------------+----+-----
Armour         | 1 |  1.1
Dodging        | 2 |  2.2
Evocations     | 1 |  1.2
Fighting       | |  3.3
Polearms       | |  1.7
Stealth        | |  4.5

Action                   || total
-------------------------++-------
Melee: War axe           ||    22
Evoke: Wand              ||     2
  Use: Potion            ||     1
       Scroll            ||     1
 Stab: Sleeping          ||     2
Armor: Leather armour    ||     2
       Ring mail         ||     2
Dodge: Dodged            ||    14

Table legend: (Time is in decaauts)
 A = Elapsed time spent in this place.
 B = Non-inter-level travel time spent in this place.
 C = Inter-level travel time spent in this place.
 D = Time resting spent in this place.
 E = Time spent auto-exploring this place.
 F = Levels seen in this place.
 G = Mean time per level.
                   A        B        C        D        E       F      G
               +--------+--------+--------+--------+--------+-----+--------+
         Total |    190 |    188 |      2 |      0 |     59 |   3 |   63.3 |
       Dungeon |    117 |    115 |      2 |      0 |     12 |   2 |   58.5 |
       Ossuary |     72 |     72 |      0 |      0 |     47 |   1 |   72.0 |
               +--------+--------+--------+--------+--------+-----+--------+

Top non-repeatable levels by time:
 Ossuary: 72 daAuts
     D:4: 68 daAuts
     D:5: 48 daAuts
